 Dungeon Crawl Stone Soup version 0.19.5 (webtiles) character file.

37 tidbits the Skirmisher (level 3, -1/27 HPs)
             Began as a High Elf Wanderer on Oct 29, 2017.
             Slain by a gnoll
             ... wielding a +0 flail
              (9 damage)
             ... on level 3 of the Dungeon.
             The game lasted 00:03:24 (347 turns).

tidbits the Skirmisher (High Elf Wanderer)           Turns: 347, Time: 00:03:25

Health: -1/27      AC:  7    Str: 13    XL:     3   Next: 23%
Magic:  4/4        EV:  9    Int: 15    God:
Gold:   17         SH:  0    Dex: 14    Spells: 0 memorised, 2 levels left

rFire  . . .     SeeInvis .     b - +0 hunting sling
rCold  . . .     Gourm    .     B - +0 scale mail
rNeg   . . .     Faith    .     (no shield)
rPois  .         Spirit   .     (no helmet)
rElec  .         Reflect  .     (no cloak)
rCorr  .         Harm     .     (no gloves)
MR     .....                    F - +0 pair of boots
Stlth  +.........               (no amulet)
                                (no ring)
                                (no ring)

@: no status effects
A: no striking features
a: no special abilities


You were on level 3 of the Dungeon.
You were not hungry.

You visited 1 branch of the dungeon, and saw 3 of its levels.

You collected 17 gold pieces.

Inventory:

Hand Weapons
 a - a +0 falchion
 b - a +0 hunting sling (weapon)
   (You found it on level 1 of the Dungeon)
 d - a +0 short sword
 h - a +2 dagger
Missiles
 g - 6 sling bullets (quivered)
 k - 6 poisoned needles
Armour
 i - a +0 robe
 B - a +0 scale mail (worn)
   (You found it on level 1 of the Dungeon)
 F - a +0 pair of boots (worn)
   (You found it on level 1 of the Dungeon)
Scrolls
 f - a scroll of fear
Potions
 e - a potion of resistance {unknown}
 l - a potion of curing {unknown}
Comestibles
 c - 2 bread rations
 j - a slice of pizza


   Skills:
 - Level 4.0 Fighting
 - Level 3.6(4.2) Short Blades
 * Level 3.0(3.9) Long Blades
 + Level 1.3 Dodging
 - Level 3.2 Stealth


You had 2 spell levels left.
You didn't know any spells.

Dungeon Overview and Level Annotations

Branches:
Dungeon (3/15)

Altars:


Message History

You slash the adder!
You kill the adder!
Your Dodging skill increases to level 1!
c - 2 bread rations (gained 1)
There is a stone staircase leading up here.
Found a trident.
There is a stone staircase leading up here.
You climb upwards.
There is a stone staircase leading down here.
A goblin comes into view. It is wielding a dagger.
The goblin shouts!
You hit the goblin but do no damage. The goblin hits you with a dagger.
You barely miss the goblin. The goblin barely misses you.
You hit the goblin.
The goblin is heavily wounded.
The goblin barely misses you.
You riposte.
You slash the goblin!
You kill the goblin!
Things that are here:
a dagger; a goblin corpse
Found a dark potion.
Found a stone staircase leading down.
l - a dark potion You now have 17 gold pieces (gained 2).
There is a stone staircase leading down here.
You climb downwards.
There is a stone staircase leading up here.
You open the door.
There is an open door here.
Found a leather armour.
You open the door.
There is an open door here.
A gnoll comes into view.
The gnoll shouts!
The gnoll moves out of view.
A gnoll comes into view.
The gnoll moves out of view.
A worm and a gnoll come into view.
Found 6 gold pieces.
The gnoll completely misses you.
b - a +0 hunting sling (weapon)
Firing (i - inventory):
g - 14 sling bullets (quivered)
Press: ? - help, Shift-Dir - straight line, f - gnoll
Aim: a gnoll You shoot a sling bullet.
The sling bullet closely misses the gnoll.
The sling bullet hits the gnoll!
The gnoll is severely wounded.
Firing (i - inventory):
g - 13 sling bullets (quivered)
Press: ? - help, Shift-Dir - straight line, f/p - gnoll
Aim: a gnoll (severely wounded)
You shoot a sling bullet. The sling bullet hits the gnoll.
The gnoll is moderately wounded.
Firing (i - inventory):
g - 12 sling bullets (quivered)
Press: ? - help, Shift-Dir - straight line, f/p - gnoll
Aim: a gnoll (severely wounded)
You shoot a sling bullet.
The sling bullet barely misses the gnoll. x3
The gnoll hits you.
Firing (i - inventory):
g - 11 sling bullets (quivered)
Press: ? - help, Shift-Dir - straight line, f/p - gnoll
Aim: a gnoll (severely wounded)
You shoot a sling bullet.
The sling bullet closely misses the gnoll. x2
The sling bullet hits the gnoll but does no damage.
The gnoll is severely wounded.
The gnoll misses you.
Firing (i - inventory):
g - 10 sling bullets (quivered)
Press: ? - help, Shift-Dir - straight line, f - worm, p - gnoll
Aim: a worm You shoot a sling bullet.
The sling bullet hits the gnoll.
The gnoll is moderately wounded.
The gnoll hits you.
Firing (i - inventory):
g - 9 sling bullets (quivered)
Press: ? - help, Shift-Dir - straight line, f/p - worm
Aim: a worm You shoot a sling bullet.
The sling bullet hits the gnoll.
The gnoll is heavily wounded.
The gnoll hits you but does no damage.
Firing (i - inventory):
g - 8 sling bullets (quivered)
Press: ? - help, Shift-Dir - straight line, f/p - worm
Aim: a worm You shoot a sling bullet.
The sling bullet hits the gnoll!
You kill the gnoll!
Your Long Blades skill increases to level 3!
You have reached level 3!
Your experience leads to an increase in your attributes!
Increase (S)trength, (I)ntelligence, or (D)exterity?
You feel stronger.
You feel clever.
Firing (i - inventory):
g - 7 sling bullets (quivered)
Press: ? - help, Shift-Dir - straight line, f/p - worm
Aim: a worm You shoot a sling bullet.
The sling bullet closely misses the gnoll.
The sling bullet hits the gnoll.
The gnoll is severely wounded.
The gnoll hits you with a flail!
* * * LOW HITPOINT WARNING * * *
There is a stone staircase leading up here.
The gnoll hits you with a flail!
You die...

...#.# #.# .....# #(#
...#.# #w# ##...#
########.# ###.#
#........#
####.####........#
........'.......g# #
####.####.......g#.###
#.# #........@....#
#.# #.........###.#
#.# #.#...#.#.#
#...............#
#######.###.#.....#
#.# ....#.### #.#
#..##.# #.# #..# .#
#..#


You could see a worm and 2 gnolls.

Vanquished Creatures
  A gnoll (D:3)
  An adder (D:3)
  A dart slug (D:1)
  A bat (D:1)
  A giant cockroach (D:1)
  4 goblins
  4 jackals (D:2)
  A ball python (D:2)
  A frilled lizard (D:1)
  A kobold (D:1)
16 creatures vanquished.

Notes
Turn   | Place    | Note
-------+----------+-------------------------------------------
     0 | D:1      | tidbits the High Elf Wanderer began the quest for the Orb.
     0 | D:1      | tidbits set off with: a +2 dagger, a scroll of fear, a +0 falchion, a +0 short sword, a +0 robe, a bread ration
     0 | D:1      | Reached XP level 1. HP: 17/17 MP: 2/2
    42 | D:1      | Reached skill level 1 in Long Blades
    70 | D:1      | Reached XP level 2. HP: 22/22 MP: 3/3
   191 | D:2      | Reached skill level 2 in Long Blades
   236 | D:3      | Reached skill level 1 in Dodging
   339 | D:3      | Reached skill level 3 in Long Blades
   339 | D:3      | Reached XP level 3. HP: 18/27 MP: 4/4
   347 | D:3      | Slain by a gnoll

Skill      XL: |  1  2 |
---------------+-------+-----
Long Blades    | 1 3 |  3.0
Dodging        | 1 |  1.3
Fighting       | |  4.0
Short Blades   | |  3.6
Stealth        | |  3.2

Action                   || total
-------------------------++-------
Melee: Dagger            ||     1
       Falchion          ||    30
 Fire: Hunting sling     ||    21
 Stab: Sleeping          ||     2
Armor: Scale mail        ||    13
Dodge: Dodged            ||    19
       Rpst.: Falchion   ||     4

Table legend:
 A = Turns spent in this place as a percentage of turns spent in the entire game.
 B = Non-inter-level travel turns spent in this place as a percentage of non-inter-level travel turns spent in the entire game.
 C = Inter-level travel turns spent in this place as a percentage of turns spent in this place.
 D = Turns resting spent in this place as a percentage of non-inter-level travel turns spent in this place.
 E = Turns spent auto-exploring this place as a percentage of non-inter-level travel turns spent in this place.
 F = Non-inter-level travel turns spent in this place divided by the number of levels of this place that you've seen.
                   A       B       C       D       E      F
               +-------+-------+-------+-------+-------+----------------------
         Total | 100.0 | 100.0 |   0.0 |   0.0 |   0.0 | 109.7
       Dungeon | 100.0 | 100.0 |   0.0 |   0.0 |   0.0 | 109.7
               +-------+-------+-------+-------+-------+----------------------

Table legend:
 A = Kills in this place as a percentage of kills in entire the game.
 B = Kills by you in this place as a percentage of kills by you in the entire game.
 C = Kills by friends in this place as a percentage of kills by friends in the entire game.
 D = Other kills in this place as a percentage of other kills in the entire game.
 E = Experience gained in this place as a percentage of experience gained in the entire game.
 F = Experience gained in this place divided by the number of levels of this place that you have seen.
                   A       B       C       D       E      F
               +-------+-------+-------+-------+-------+----------------------
         Total | 100.0 | 100.0 |  -nan |  -nan | 100.0 |  18.0
       Dungeon | 100.0 | 100.0 |  -nan |  -nan | 100.0 |  18.0
               +-------+-------+-------+-------+-------+----------------------

Vault maps used:
D:1:      lemuel_arrival_funnel, dk_noncrumbling_4, minmay_misc_feat_encased,
          roderic_cross_of_infinity, serial_bayou_pond_d,
          okawaru_ov_weapons_minmay
D:2:      nicolae_ru_the_path_less_chosen, uniq_sigmund
D:3:      nicolae_overflow_quartered_altars, first_bread
